 Dungeon Crawl Stone Soup version 0.20-a0-309-gcba9277 (webtiles) character file.

49200 Leibowitz the Blocker (level 13, -1/107 HPs)
             Began as a Demigod Gladiator on Dec 19, 2016.
             Slain by a black mamba (15 damage)
             ... on level 6 of the Lair of Beasts.
             The game lasted 01:32:21 (20857 turns).

Leibowitz the Blocker (Demigod Gladiator)          Turns: 20857, Time: 01:32:22

Health: -1/107     AC: 15    Str: 25    XL:     13   Next: 79%
Magic:  17/17      EV: 20    Int: 12    God:
Gold:   1757       SH:  0    Dex: 25    Spells: 9/13 levels left

rFire  + . .     SeeInvis .     a - +2 short sword (venom)
rCold  . . .     Gourm    .     h - +3 leather armour "Ekhiximp" {Regen+ Str+5}
rNeg   + . .     Faith    .     q - +2 shield
rPois  .         Spirit   .     c - +1 helmet
rElec  .         Reflect  .     J - +1 cloak {MR+}
rCorr  .         Harm     .     M - +0 pair of gloves {Dex+3}
MR     ++...                    I - +2 pair of boots
Stlth  ++........               w - amulet of rage
                                X - ring of protection from fire
                                m - ring of positive energy

@: confused, lethally poisoned (-1 -> -3), very slightly contaminated, hasted
(expiring), very quick
A: high mp 1
a: Evoke Berserk Rage


You were on level 6 of the Lair of Beasts.
You were not hungry.

You visited 3 branches of the dungeon, and saw 20 of its levels.
You also visited: Labyrinth and Bailey.

You collected 1785 gold pieces.
You spent 28 gold pieces at shops.

Inventory:

Hand Weapons
 a - a +2 short sword of venom (weapon)
 b - a +4 scimitar of flaming
Missiles
 d - 3 throwing nets
 r - 19 javelins (quivered)
Armour
 c - a +1 helmet (worn)
 h - the +3 leather armour "Ekhiximp" (worn) {Regen+ Str+5}
   (You found it on level 7 of the Dungeon)

   It affects your strength (+5).
   It increases your rate of regeneration.
 q - a +2 shield (worn)
 G - a +2 leather armour of poison resistance
 I - a +2 pair of boots (worn)
 J - a +1 cloak of magic resistance (worn)
 L - the +0 plate armour of Zaosyit {+Fly rN+ Slay+3}
   (You took it off an orc in a bailey)

   It affects your accuracy and damage with ranged weapons and melee attacks
   (+3).
   It protects you from negative energy.
   It lets you fly.
 M - a +0 pair of gloves of dexterity (worn)
Jewellery
 m - a ring of positive energy (left hand)
 s - an uncursed ring of protection from cold
 w - an amulet of rage (around neck)
 C - an uncursed ring of teleportation
 X - a ring of protection from fire (right hand)
Wands
 v - a wand of disintegration (13/24)
 y - a wand of flame (34/48)
 H - a wand of confusion (31/48)
 P - a wand of digging (8/24)
 Q - a wand of disintegration (16/24)
 T - a wand of iceblast (7/15)
 V - a wand of paralysis (4/24)
Scrolls
 e - 5 scrolls of enchant weapon
 j - 6 scrolls of enchant armour
 k - 4 scrolls of recharging
 n - 9 scrolls of identify
 E - 2 scrolls of remove curse
 Y - 7 scrolls of immolation
Potions
 o - 2 potions of heal wounds
 t - 2 potions of magic
 u - 9 potions of curing
 z - 2 potions of brilliance
 B - 2 potions of flight
 D - a potion of haste
 K - a potion of might
 U - 4 potions of agility
Books
 i - a book of Changes

   Spells                             Type                      Level
   a - Beastly Appendage              Transmutation                1
   b - Sticks to Snakes               Transmutation                2
   c - Spider Form                    Transmutation/Poison         3
   d - Ice Form                       Ice/Transmutation            4
   e - Blade Hands                    Transmutation                5
 x - a Young Poisoner's Handbook

   Spells                             Type                      Level
   a - Sting                          Conjuration/Poison           1
   b - Mephitic Cloud                 Conjuration/Poison/Air       3
   c - Olgreb's Toxic Radiance        Poison                       4
   d - Alistair's Intoxication        Transmutation/Poison         5
   e - Venom Bolt                     Conjuration/Poison           5
 R - a book of Minor Magic

   Spells                             Type                      Level
   a - Magic Dart                     Conjuration                  1
   b - Blink                          Translocation                2
   c - Call Imp                       Summoning                    2
   d - Repel Missiles                 Charms/Air                   2
   e - Slow                           Hexes                        2
   f - Conjure Flame                  Conjuration/Fire             3
   g - Mephitic Cloud                 Conjuration/Poison/Air       3
Comestibles
 f - 13 bread rations
 g - 24 fruits
 l - 14 meat rations
 p - 11 beef jerkies
 F - 4 chunks of flesh
 W - 4 slices of pizza


   Skills:
 + Level 8.2 Fighting
 - Level 10.5(10.7) Short Blades
 + Level 3.5(7.6) Long Blades
 + Level 3.7 Throwing
 + Level 6.0 Armour
 * Level 8.5 Dodging
 - Level 10.5 Stealth
 + Level 11.7 Shields
 * Level 0.8 Spellcasting
 * Level 0.6 Conjurations
 * Level 1.0 Air Magic
 * Level 0.3 Poison Magic
 + Level 1.8 Evocations


You had 9 spell levels left.
You knew the following spells:

 Your Spells              Type           Power        Failure   Level  Hunger
a - Sting                 Conj/Pois      #...         47%         1    ##.....
b - Mephitic Cloud        Conj/Pois/Air  #.......     96%         3    ####...


Dungeon Overview and Level Annotations

Branches:
Dungeon (13/15)            Temple (0/1) D:4            Lair (4/6) D:9
  Swamp (0/4) Lair:4       Spider (0/4) Lair:2          Orc (2/2) D:10
    Elf (0/3) Orc:2
 Vaults: D:13-14

Shops:
D:6 *[[?}   D:7 %   D:8 (   D:13 [   Orc:2 =(

Annotations:
D:2 Sigmund
D:12 exclusion: orange crystal statue
Lair:3 exclusion: oklob plant
Orc:2 Azrael; Junicave's ghost, journeyman GrEE


Innate Abilities, Weirdness & Mutations

You have an increased reservoir of magic. (+10% MP)


Message History

The wyvern is severely wounded.
The crocodile bites you.
* * * LOW HITPOINT WARNING * * *
The wyvern completely misses you.
You hit the wyvern but do no damage.
The wyvern is severely wounded.
The black mamba misses you.
You bump into the rock wall.
The wyvern bites you!
* * * LOW HITPOINT WARNING * * *
The black mamba bites you.
* * * LOW HITPOINT WARNING * * *
You are more poisoned.
The black mamba poisons you!
The crocodile bites you but does no damage.
You bump into the rock wall.
Your extra speed is starting to run out.
You feel sick. The black mamba completely misses you. The wyvern bites you.
* * * LOW HITPOINT WARNING * * *
The crocodile completely misses you. The black mamba bites you!
You die... #### #S@# ##lt# ## #YlS#

... #Yt##
##.#
#..####..##
##...#....#
#...t...##
###......#
##t.....#


You could see a black mamba, 2 yaks, a water moccasin, 2 crocodiles and 2
wyverns.

Vanquished Creatures
  Snorg (D:11)
  A minotaur (Lab)
  Harold (Lair:2)
  Erolcha (D:9)
  2 centaur warriors
  A catoblepas (Lair:3)
  A hydra (Lair:1)
  Erica (Lair:2)
  The ghost of Junicave the Geomancer, a journeyman GrEE of Vehumet (D:11)
  4 two-headed ogres
  Urug (D:10)
  3 death yaks
  An unseen horror (D:12)
  An orb spider (Lair:2)
  Pikel (D:4)
  5 orc knights
  A deep elf mage (D:12)
  A wolf spider (Lair:6)
  2 ugly things (D:12)
  2 cyclopes
  Maurice (D:8)
  3 black mambas
  5 elephants (Lair:6)
  An ice statue (D:12)
  7 spiny frogs
  A torpor snail (Lair:4)
  4 centaur skeletons
  A rime drake (Lair:1)
  5 komodo dragons
  A hornet (Lair:6)
  5 blink frogs
  4 trolls
  4 hippogriffs
  43 yaks
  5 hungry ghosts
  Grum (D:10)
  4 humans (D:7)
  2 basilisks (Lair:2)
  2 vampire mosquitoes (D:12)
  Menkaure (D:5)
  2 wargs
  11 water moccasins
  8 porcupines
  Duvessa (D:5)
  An acid dragon (D:12)
  16 orc warriors
  2 sky beasts
  5 ice beasts
  A slave (D:4)
  A phantom (D:7)
  An eye of draining (D:11)
  9 ogres
  A necrophage (D:10)
  7 centaurs
  18 wolves
  2 crocodiles (Lair:3)
  18 bullfrogs
  Blork the orc (D:5)
  A wyvern zombie (D:6)
  A wyvern skeleton (D:11)
  4 scorpions
  Dowan (D:5)
  A water moccasin skeleton (D:6)
  9 killer bees
  8 wights
  5 howler monkeys
  4 crimson imps
  10 hounds
  6 quasits
  3 centaur zombies
  2 bullfrog zombies (D:11)
  14 orc priests
  4 jellies
  18 orc wizards
  2 bullfrog skeletons
  Ijyb (D:3)
  10 worker ants
  6 iguanas
  A hound skeleton (D:7)
  A howler monkey zombie (D:6)
  A worker ant zombie (D:11)
  A howler monkey skeleton (D:4)
  3 gnolls
  12 adders
  3 shadow imps
  An adder skeleton (D:9)
  2 worms
  3 dart slugs
  4 leopard geckos
  62 orcs
  7 giant cockroaches
  9 goblins
  2 hobgoblins (D:1)
  7 jackals
  8 quokkas
  2 ball pythons (D:3)
  5 bats
  5 frilled lizards
  A jackal skeleton (D:4)
  6 kobolds
  3 rats
  2 butterflies (Lair:6)
498 creatures vanquished.

Vanquished Creatures (others)
  An iguana (D:5)
  An adder (D:4)
  A giant cockroach (D:4)
  6 fungi (Lair:6)
  2 plants (Lair:6)
11 creatures vanquished.

Grand Total: 509 creatures vanquished

Notes
Turn   | Place    | Note
-------+----------+-------------------------------------------
     0 | D:1      | Leibowitz the Demigod Gladiator began the quest for the Orb.
     0 | D:1      | Reached XP level 1. HP: 17/17 MP: 3/3
   323 | D:1      | Reached XP level 2. HP: 19/24 MP: 4/4
   667 | D:2      | Reached skill level 1 in Stealth
   701 | D:2      | Noticed Sigmund
   723 | D:2      | Reached XP level 3. HP: 12/29 MP: 5/5
  1456 | D:2      | Reached skill level 1 in Armour
  1465 | D:2      | Found a shadowy altar of Dithmenos.
  1742 | D:3      | Reached XP level 4. HP: 35/36 MP: 6/6
  1918 | D:3      | Noticed Ijyb
  1940 | D:3      | Killed Ijyb
  2157 | D:3      | Reached XP level 5. HP: 42/42 MP: 7/7
  2415 | D:4      | Found a sparkling altar of Nemelex Xobeh.
  2416 | D:4      | Noticed Pikel
  2416 | D:4      | Noticed a slave
  2416 | D:4      | Noticed a slave
  2416 | D:4      | Noticed a slave
  2441 | D:4      | Killed a slave
  2449 | D:4      | Killed Pikel
  2449 | D:4      | Reached skill level 5 in Short Blades
  2449 | D:4      | Reached XP level 6. HP: 48/51 MP: 8/8
  2503 | D:4      | Found a white marble altar of Elyvilon.
  2512 | D:4      | Reached XP level 7. HP: 57/57 MP: 9/9
  2558 | D:4      | Found a glowing silver altar of Zin.
  2973 | D:4      | Found a staircase to the Ecumenical Temple.
  3009 | D:5      | Entered Level 5 of the Dungeon
  3009 | D:5      | Noticed Blork the orc
  3025 | D:5      | Killed Blork the orc
  3240 | D:5      | Noticed Dowan
  3557 | D:5      | Killed Dowan
  3679 | D:5      | Reached XP level 8. HP: 34/63 MP: 11/11
  3773 | D:5      | Noticed Duvessa
  3943 | D:5      | Killed Duvessa
  4249 | D:5      | Noticed Menkaure
  4251 | D:5      | Killed Menkaure
  4434 | D:5      | Reached skill level 5 in Stealth
  4731 | D:6      | Found Nonoh's Armour Emporium.
  4810 | D:6      | Found Ohalaik's Assorted Antiques.
  4855 | D:6      | Bought a scroll labeled TALUFOMN ZOANINEG for 28 gold pieces
  4865 | D:6      | Found Isuesax's Magic Scroll Shoppe.
  5125 | D:6      | Found Jyruufil's Armour Emporium.
  5214 | D:6      | Found Kehechiedo's Gadget Shop.
  5267 | D:6      | Reached skill level 1 in Shields
  5935 | D:6      | Reached XP level 9. HP: 71/71 MP: 12/12
  6049 | D:7      | Found Nufurhur's Food Shop.
  6285 | D:7      | Reached skill level 2 in Shields
  6433 | D:7      | Found a deep blue altar of Sif Muna.
  6445 | D:7      | Reached skill level 5 in Dodging
  6460 | D:7      | Reached skill level 3 in Shields
  6824 | D:7      | Got a fine leather armour
  6835 | D:7      | Identified the +3 leather armour "Ekhiximp" {Regen+ Str+5} (You found it on level 7 of the Dungeon)
  6969 | D:7      | Reached skill level 1 in Evocations
  7051 | D:8      | Found an opulent altar of Gozag.
  7097 | D:8      | Found a snail-covered altar of Cheibriados.
  7113 | D:8      | Found Hiamech's Antique Weapon Emporium.
  7293 | D:8      | Noticed Maurice
  7309 | D:8      | Killed Maurice
  7358 | D:8      | Found a hazy altar of Hepliaklqana.
  7368 | D:8      | Reached XP level 10. HP: 79/80 MP: 13/13
  7459 | D:8      | Reached skill level 5 in Fighting
  7459 | D:8      | Reached skill level 4 in Shields
  7561 | D:8      | Found a sacrificial altar of Ru.
  7828 | D:9      | Found a flagged portal.
  7828 | D:9      | Noticed Erolcha
  7850 | D:9      | Killed Erolcha
  7850 | D:9      | Reached skill level 5 in Shields
  7941 | Bailey   | Entered a bailey
  8305 | Bailey   | Noticed an orc knight
  8305 | Bailey   | Noticed an orc knight
  8307 | Bailey   | Noticed an orc knight
  8427 | Bailey   | Got a bronze plate armour
  8454 | Bailey   | Killed an orc knight
  8463 | Bailey   | Reached skill level 6 in Shields
  8903 | D:9      | Identified the +0 plate armour of Zaosyit {+Fly rN+ Slay+3} (You took it off an orc in a bailey)
  9166 | D:9      | Found a shattered altar of Ashenzari.
  9227 | D:9      | Found a staircase to the Lair.
  9236 | D:9      | Noticed a two-headed ogre
  9253 | D:9      | Killed a two-headed ogre
  9671 | D:9      | Noticed a two-headed ogre
  9679 | D:9      | Killed a two-headed ogre
  9679 | D:9      | Reached XP level 11. HP: 80/88 MP: 15/15
  9715 | Lair:1   | Entered Level 1 of the Lair of Beasts
  9722 | Lair:1   | Noticed a four-headed hydra
  9748 | Lair:1   | Killed a four-headed hydra
  9748 | Lair:1   | Reached skill level 7 in Shields
  9799 | Lair:1   | Found a labyrinth entrance.
  9808 | Lab      | Entered a labyrinth
 10058 | Lab      | Noticed a minotaur
 10083 | Lab      | Killed a minotaur
 10622 | Lair:1   | Reached skill level 8 in Shields
 10684 | Lair:1   | Reached skill level 5 in Armour
 11371 | Lair:2   | Noticed Erica
 11384 | Lair:2   | Killed Erica
 11650 | Lair:2   | Noticed Harold
 11682 | Lair:2   | Killed Harold
 12355 | Lair:2   | Reached skill level 9 in Shields
 12397 | Lair:2   | Reached skill level 1 in Long Blades
 12455 | Lair:2   | Reached XP level 12. HP: 48/96 MP: 16/16
 13380 | Lair:2   | Found a hole to the Spider Nest.
 13545 | Lair:3   | Noticed a catoblepas
 13546 | Lair:3   | Reached skill level 10 in Short Blades
 13638 | D:10     | Entered Level 10 of the Dungeon
 13695 | D:10     | Noticed Grum
 13825 | D:10     | Noticed Urug
 13853 | D:10     | Killed Urug
 14278 | D:10     | Noticed a centaur warrior
 14287 | D:10     | Killed a centaur warrior
 14558 | D:10     | Found an iron altar of Okawaru.
 14782 | D:10     | Found a staircase to the Orcish Mines.
 14832 | D:10     | Killed Grum
 14832 | D:10     | Reached skill level 10 in Shields
 15473 | D:11     | Noticed Junicave's ghost (journeyman GrEE)
 15524 | D:11     | Noticed Snorg
 15532 | D:11     | Killed Junicave's ghost
 15541 | D:11     | Killed Snorg
 16183 | D:12     | Noticed a centaur warrior
 16203 | D:12     | Killed a centaur warrior
 16362 | D:12     | Reached XP level 13. HP: 105/105 MP: 17/17
 17276 | D:13     | Reached skill level 10 in Stealth
 17332 | D:13     | Found Ogicoka's Armour Shoppe.
 17427 | Orc:1    | Entered Level 1 of the Orcish Mines
 17634 | Orc:2    | Entered Level 2 of the Orcish Mines
 17862 | Orc:2    | Found Bofiah's Weapon Shop.
 18011 | Orc:1    | Reached skill level 11 in Shields
 18117 | Orc:2    | Found Litz's Jewellery Shoppe.
 18135 | Orc:2    | Noticed Junicave's ghost (journeyman GrEE)
 18280 | Orc:2    | Found a staircase to the Elven Halls.
 18282 | Orc:2    | Noticed Azrael
 20069 | Lair:4   | Found a staircase to the Swamp.
 20448 | Lair:4   | You fall through a shaft for 2 floors!
 20448 | Lair:6   | Entered Level 6 of the Lair of Beasts
 20465 | Lair:6   | Learned a level 1 spell: Sting
 20469 | Lair:6   | Learned a level 3 spell: Mephitic Cloud
 20793 | Lair:6   | Reached skill level 1 in Air Magic
 20857 | Lair:6   | Slain by a black mamba

Vault maps used:
D:1:      dpeg_arrival_orchard
D:2:      nicolae_dithmenos_shadow_blocks, uniq_sigmund
D:3:      uniq_iyjb
D:4:      old_standard_altar, nemelex_xobeh_ov_fountains_minmay,
          elyvilon_altar_3, first_bread, uniq_pikel
D:5:      uniq_duvessa, uniq_menkaure, uniq_blork_the_orc
D:6:      serial_shops, nicolae_shop_crystal, shop, nicolae_shop_waterfront,
          kennysheep_mini, shop
D:7:      lemuel_round_altar, serial_shops, nicolae_shop_trees, grunt_ogre_cave,
          minmay_ruffians
D:8:      kennysheep_mini_moat, cheibriados_altar_1, lemuel_doored_altar,
          nicolae_overflow_crystal_walls, serial_shops, shop, uniq_maurice
D:9:      minmay_curly_fans, nicolae_ashenzari_panopticon, lair_entry_dummy,
          enter_bailey_3, minivault_26, uniq_erolcha
D:10:     hangedman_cross_stitches, orc_0_dummy, basic_altar, st_stairs_13,
          uniq_urug, uniq_grum
D:11:     uniq_snorg
D:12:     minmay_separated_statues
D:13:     serial_shops, nicolae_shop_waterfront
Lair:1:   lab_entry_generic
Lair:2:   nicolae_spider_entry_orb_guardian, uniq_harold, uniq_erica
Lair:3:   minmay_lair_oklob_bushes, serial_bayou_shore_b, grunt_megastairs_2
Lair:4:   swamp_mist_pool, infiniplex_staircase_pool
Lair:6:   hangedman_lair_tendril_chambers, guppyfry_lair_end_dragon,
          slime_altar_2, lemuel_fruit_fields
Orc:1:    trog_book
Orc:2:    st_orc_elflike, serial_shops, shop, nicolae_orc_damp_corner,
          guppyfry_orc_lava_fort, uniq_azrael
Lab:      nicolae_lab_dead_adventurers, nicolae_lab_plus, nicolae_lab_statue,
          nicolae_lab_do_over
Bailey:   bailey_polearm_1, bailey

Skill      XL: |  1  2  3  4  5  6  7  8  9 10 11 12 13 |
---------------+----------------------------------------+-----
Fighting       | 2 3 4 5 6 7 8 |  8.2
Short Blades   | 3 5 6 7 8 9 10 | 10.5
Stealth        | 1 3 4 5 6 7 9 10 | 10.5
Throwing       | 2 3 |  3.7
Dodging        | 3 4 5 6 8 |  8.5
Armour         | 1 2 3 5 6 |  6.0
Shields        | 1 3 6 9 10 11 | 11.7
Evocations     | 1 |  1.8
Long Blades    | 1 3 |  3.5
Air Magic      | 1 |  1.0
Spellcasting   | |  0.8
Conjurations   | |  0.6
Poison Magic   | |  0.3

Action                   |  1- 3 |  4- 6 |  7- 9 | 10-12 | 13-15 || total
-------------------------+-------+-------+-------+-------+-------++-------
Melee: Rapier            |   117 |       |       |       |       ||   117
       Dagger            |    13 |       |       |       |       ||    13
       Short sword       |     3 |    91 |   449 |  1256 |   941 ||  2740
       Scimitar          |       |       |       |   108 |     5 ||   113
Throw: Throwing net      |     2 |       |       |     4 |       ||     6
       Javelin           |       |       |    18 |    17 |       ||    35
 Cast: Sting             |       |       |       |       |     8 ||     8
 Abil: Evoke Berserk Rag |     1 |       |     2 |     2 |       ||     5
Evoke: Wand              |       |       |       |    18 |       ||    18
  Use: Potion            |     1 |       |     4 |     7 |     3 ||    15
       Scroll            |       |     2 |    14 |     5 |     2 ||    23
 Stab: Held in net/web   |     1 |       |       |     3 |       ||     4
       Sleeping          |     1 |       |    14 |     5 |    11 ||    31
       Distracted        |       |       |     1 |       |     2 ||     3
       Paralysed         |       |       |       |     1 |       ||     1
  Eat: Chunk             |     3 |     3 |    19 |    35 |    16 ||    76
       Pizza             |       |       |     2 |       |       ||     2
       Fruit             |       |       |       |     1 |       ||     1
Armor: Leather armour    |    41 |    12 |    73 |   118 |    95 ||   339
       Chain mail        |       |    28 |       |       |       ||    28
       Plate armour      |       |       |       |   235 |       ||   235
Dodge: Dodged            |   127 |    39 |   152 |   364 |   327 ||  1009
Block: Shield            |       |       |   125 |   796 |   539 ||  1460
       Rpst.: Scimitar   |       |       |       |    11 |       ||    11
